 Dungeon Crawl Stone Soup version 0.21.1-1-g345015f (webtiles) character file.

67 letownia3 the Conjurer (level 4, 2/30 HPs)
             Began as a Demonspawn Wizard on Feb 5, 2018.
             Quit the game on level 3 of the Dungeon.
             The game lasted 00:03:35 (1451 turns).

letownia3 the Conjurer (Demonspawn Wizard)          Turns: 1451, Time: 00:03:36

Health: 2/30       AC:  9    Str:  8    XL:     4   Next: 0%
Magic:  0/8        EV: 11    Int: 20    God:
Gold:   7          SH:  3    Dex: 11    Spells: 2/9 levels left

rFire    . . .     SeeInvis .   e - +0 dagger
rCold    . . .     Gourm    .   (no shield)
rNeg     . . .     Faith    .   l - +0 leather armour
rPois    .         Spirit   .   b - +0 hat
rElec    .         Reflect  +   (no cloak)
rCorr    .         Harm     .   (no gloves)
MR       .....                  (no boots)
Stlth    +.........             f - +3 amulet of reflection
HPRegen  0.10/turn              (no ring)
MPRegen  0.11/turn              (no ring)

@: sanguine armour, very slightly contaminated
A: rot immunity, sanguine armour 1
a: no special abilities


You were on level 3 of the Dungeon.
You were not hungry.

You visited 1 branch of the dungeon, and saw 4 of its levels.

You collected 7 gold pieces.

Inventory:

Hand Weapons
 e - a +0 dagger (weapon)
Missiles
 i - 6 curare-tipped needles
Armour
 a - a +0 robe
 b - a +0 hat (worn)
 l - a +0 leather armour (worn)
Jewellery
 f - a +3 amulet of reflection (around neck)
Scrolls
 j - a scroll of teleportation {unknown}
Potions
 h - a potion of heal wounds {unknown}
 k - a potion of curing {unknown}
Books
 c - a book of Minor Magic

   Spells                             Type                      Level
   a - Magic Dart                     Conjuration                  1
   b - Blink                          Translocation                2
   c - Call Imp                       Summoning                    2
   d - Slow                           Hexes                        2
   e - Conjure Flame                  Conjuration/Fire             3
   f - Mephitic Cloud                 Conjuration/Poison/Air       3
Comestibles
 d - 2 rations
 g - 3 chunks of flesh


   Skills:
 - Level 1.7 Dodging
 - Level 1.7 Stealth
 - Level 3.0 Spellcasting
 - Level 3.8 Conjurations
   Level 1.0 Summonings
   Level 0.8 Translocations
 + Level 0.1 Fire Magic
 + Level 0.1 Air Magic
 + Level 0.1 Poison Magic


You had 2 spell levels left.
You knew the following spells:

 Your Spells              Type           Power        Failure   Level  Hunger
a - Magic Dart            Conj           ###.         4%          1    None
c - Conjure Flame         Conj/Fire      ##......     28%         3    ###....
e - Mephitic Cloud        Conj/Pois/Air  #.......     34%         3    ###....


Dungeon Overview and Level Annotations

Branches:
Dungeon (4/15)
 Temple: D:4-7

Altars:

Annotations:
D:1 DIG


Innate Abilities, Weirdness & Mutations

You are immune to rotting.
When seriously injured, your bleeding wounds create armour. (AC +6)


Message History

* * * LOW HITPOINT WARNING * * *
Unknown command.
You closely miss the orc.
The orc is severely wounded.
The orc hits you with a flail.
* * * LOW HITPOINT WARNING * * *
Unknown command.
Casting: Magic Dart
Confirm with . or Enter, or press ? or * to list all spells.
Aiming: Magic Dart
Press: ? - help, Shift-Dir - straight line, f/p - orc
Aim: an orc, wielding a flail (severely wounded)
The magic dart hits the orc.
You kill the orc!
You have reached level 4!
You feel clever.
Your demonic ancestry asserts itself...
You feel immune to rotting.
Unknown command.
You see here a flail.
Are you sure you want to abandon this character and quit the game? (Confirm with "yes".)

#####
#####....###
#...........
#...........
#...........
###...........
#..>..........
#.[...........
#....@<.......
#....)........
#.............
#.............
#.............
#.............
#.............
#.............
########.####


There were no monsters in sight!

Vanquished Creatures
  Jessica (D:2)
  An adder (D:4)
  6 orcs
  A bat (D:2)
  4 goblins
  3 hobgoblins
  A jackal (D:1)
  A quokka (D:2)
  A frilled lizard (D:2)
  3 kobolds
  4 rats (D:1)
26 creatures vanquished.

Notes
Turn   | Place    | Note
-------+----------+-------------------------------------------
     0 | D:1      | letownia3 the Demonspawn Wizard began the quest for the Orb.
     0 | D:1      | Reached XP level 1. HP: 13/13 MP: 4/4
   465 | D:1      | Gained mutation: When seriously injured, your bleeding wounds create armour. (AC +6) [demonic ancestry]
   465 | D:1      | Reached XP level 2. HP: 12/19 MP: 0/6
   852 | D:3      | Noticed Jessica
   872 | D:2      | Killed Jessica
   872 | D:2      | Reached XP level 3. HP: 11/24 MP: 0/7
   880 | D:2      | Learned a level 3 spell: Mephitic Cloud
   884 | D:2      | Learned a level 3 spell: Conjure Flame
  1443 | D:3      | HP: 1/24 [orc/flail (4)]
  1448 | D:3      | Gained mutation: You are immune to rotting. [demonic ancestry]
  1448 | D:3      | Reached XP level 4. HP: 2/30 MP: 0/8
  1451 | D:3      | Quit the game

Skill      XL: |  1  2 |
---------------+-------+-----
Conjurations   | 2 3 |  3.8
Dodging        | |  1.7
Stealth        | |  1.7
Spellcasting   | |  3.0
Summonings     | |  1.0
Translocations | |  0.8
Fire Magic     | |  0.1
Air Magic      | |  0.1
Poison Magic   | |  0.1

Action                   |  1- 3 |  4- 6 || total
-------------------------+-------+-------++-------
Melee: Dagger            |    91 |       ||    91
       Unarmed           |     4 |       ||     4
 Cast: Magic Dart        |    71 |     1 ||    72
  Eat: Chunk             |     2 |       ||     2
Armor: Robe              |    26 |       ||    26
Dodge: Dodged            |    66 |       ||    66
Block: Other             |    12 |       ||    12
       Reflection        |     1 |       ||     1
